 Dungeon Crawl Stone Soup version 0.25.1-2-g60ff931df9 (webtiles) character file.

Game seed: 7921336751790740788

3588 Garessta the Transmogrifier (level 10, -12/73 HPs)
             Began as an Octopode Transmuter on Oct 18, 2020.
             Was a Believer of Cheibriados.
             Mangled by a hornet (15 damage)
             ... while paralysed by a hornet
             ... on level 8 of the Dungeon.
             The game lasted 00:37:17 (13322 turns).

Garessta the Transmogrifier (Octopode Transmuter)  Turns: 13322, Time: 00:37:17

Health: -12/73     AC:  6    Str: 17    XL:     10   Next: 10%
Magic:  12/14      EV:  1    Int: 20    God:    Cheibriados [**....]
Gold:   375        SH:  0    Dex: 19    Spells: 1/15 levels left

rFire    x . .     SeeInvis .     - Unarmed
rCold    + + +     Gourm    .   (shield currently unavailable)
rNeg     . . .     Faith    .   (helmet currently unavailable)
rPois    +         Spirit   .   (no amulet)
rElec    .         Reflect  .   e - ring of flight
rCorr    .         Harm     .   (no ring)
MR       .....                  (no ring)
Stlth    ++........             (no ring)
HPRegen  0.22/turn              (no ring)
MPRegen  0.14/turn              (no ring)
                                (no ring)
                                (no ring)

@: paralysed, lethally poisoned (-12 -> -23), ice-form, slowed, very slow
A: large, almost no armour, stealthy swim, amphibious, 8 rings, (constrict 8)
a: End Transformation, Bend Time, Renounce Religion, Evoke Flight


You were on level 8 of the Dungeon.
You worshipped Cheibriados.
Cheibriados was pleased with you.
You were not hungry.
You were a creature of crystalline ice.
You visited 2 branches of the dungeon, and saw 9 of its levels.
You also visited: Ossuary.

You collected 375 gold pieces.

Inventory:

Missiles
 a - 88 arrows
 x - 2 silver boomerangs (quivered)
Armour
 b - a +2 hat (melded)
Jewellery
 e - a ring of flight (left front paw)
Wands
 f - a wand of flame (37)
Scrolls
 d - a scroll of amnesia
 j - 4 scrolls of enchant armour
 l - a scroll of magic mapping
 m - 2 scrolls of blinking
 p - 2 scrolls of identify
 q - 2 scrolls of fog
 r - a scroll of enchant weapon
 s - a scroll of silence
 t - 2 scrolls of remove curse
 u - 2 scrolls of teleportation
 v - a scroll of fear
Potions
 g - 2 potions of brilliance
 h - 5 potions of cancellation
 i - 3 potions of curing
 k - a potion of magic
 n - a potion of mutation
 o - 2 potions of lignification
Comestibles
 c - 13 rations


   Skills:
 + Level 2.4 Fighting
 + Level 3.0 Dodging
 + Level 2.0 Stealth
 * Level 6.6 Unarmed Combat
 + Level 3.0 Spellcasting
 + Level 11.7 Transmutations
 + Level 2.3 Invocations


You had one spell level left.
You knew the following spells:

 Your Spells              Type           Power        Failure   Level  Hunger
a - Ice Form              Ice/Tmut       ####....     13%         4    ####...
b - Sticks to Snakes      Tmut           ######..     1%          2    ##.....
c - Spider Form           Tmut/Pois      ####......   3%          3    ###....
d - Blade Hands           Tmut           ######....   3%          5    ######.

Your spell library contained the following spells:

 Spells                   Type           Power        Failure   Level  Hunger
 Beastly Appendage        Tmut           ######       1%          1    None


Dungeon Overview and Level Annotations

Branches:
Dungeon (8/15)             Temple (1/1) D:4         Ossuary (visited)
   Lair: D:8-11

Altars:
Ashenzari
Cheibriados
Dithmenos
Elyvilon
Fedhas
Gozag
Hepliaklqana
Kikubaaqudgha
Makhleb
Nemelex Xobeh
Okawaru
Qazlal
Sif Muna
Trog
Uskayaw
Vehumet
Wu Jian
Xom
Yredelemnul
Zin
The Shining One


Innate Abilities, Weirdness & Mutations

You cannot wear most types of armour.
You are very stealthy in the water. (Stealth+)
You are amphibious.
You can wear up to eight rings at the same time.
((You can use your tentacles to constrict eight enemies at once.))
((Your skin changes colour to match your surroundings (Stealth+).))
((Your rubbery body absorbs attacks. (AC +1, EV +1)))


Message History

You feel yourself speed up.
You feel sick. The hornet misses you. The hornet barely misses you.
You pummel the hornet!! You freeze the hornet.
The hornet is severely wounded.
The hornet stings you. The hornet stings you!
You miss the hornet.
The hornet is severely wounded.
You feel sick. The hornet stings you!
You suddenly lose the ability to move!
The hornet stings you!
* * * LOW HITPOINT WARNING * * *
You are more poisoned.
The hornet stings you.
* * * LOW HITPOINT WARNING * * *
You feel yourself slow down.
* * * LOW HITPOINT WARNING * * *
You feel sick. The hornet stings you.
* * * LOW HITPOINT WARNING * * *
* * * LOW HITPOINT WARNING * * *
You feel sick. The hornet stings you!
You die...

*,,,* *,* *,**,,,,,,*,,* *,,,*
*,* #.#*,,,,,,*,,* ***** *,*
#.#*,,,,.,*,,* ******* *,*
#.#*,,,..,*,,* ,,,,,,******,*
#.#*,,...,*,,* ,,,,,,,,,,**,*
#.#*,....,*,,*
,,,,,,...,*#.###.##.....,*,******
,,,,,.....*#.....yhh....,*,,,,,,,
***,,.....######Y#*,,...,********
*,,............##.....,* *..,*
###.,.......!.......##.*** *.#,*
....,...........####...# *.#,*
....,...........# #.#.###*#.#,*
....,...........# #.8#..#*8.#,*
....,.>.........# #.##..##..#,*
....,...........# #.#...#...#.**
....*###........# #.......#...,,


You could see a hornet and 2 jackals.

Vanquished Creatures
  A two-headed ogre (D:5)
  Sigmund (D:5)
  A hungry ghost (D:8)
  2 water moccasins
  2 sky beasts
  4 ogres
  A big kobold (D:8)
  2 bullfrogs
  An elf zombie (Ossuary)
  4 scorpions
  3 wights (D:6)
  2 howler monkeys (D:6)
  A centaur zombie (D:7)
  A bullfrog zombie (D:7)
  3 human zombies (Ossuary)
  2 orc priests
  2 hounds
  A jelly (D:7)
  9 orc wizards
  2 bullfrog skeletons
  An iguana (D:7)
  3 worker ants (D:4)
  Natasha (thrice) (D:2)
  A killer bee zombie (D:7)
  A hound zombie (Ossuary)
  4 mummies (Ossuary)
  2 worker ant zombies (D:6)
  18 gnolls
  2 howler monkey skeletons
  9 adders
  A shadow imp (D:5)
  2 oozes
  2 adder skeletons
  2 worms (D:2)
  4 dart slugs
  7 leopard geckos
  45 orcs
  2 giant cockroaches
  12 goblins
  3 hobgoblins
  15 jackals
  3 quokkas
  3 ball pythons
  12 bats
  4 frilled lizards
  A gnoll zombie (Ossuary)
  2 hobgoblin zombies (Ossuary)
  A jackal zombie (D:6)
  13 kobolds
  A kobold zombie (Ossuary)
  A leopard gecko skeleton (D:4)
  A leopard gecko zombie (D:6)
  An orc zombie (Ossuary)
  7 rats
  2 rat zombies (Ossuary)
236 creatures vanquished.

Vanquished Creatures (collateral kills)
  A water moccasin (D:5)
  An adder (D:2)
  2 orcs (D:3)
4 creatures vanquished.

Grand Total: 240 creatures vanquished

Notes
Turn   | Place    | Note
-------+----------+-------------------------------------------
     0 | D:1      | Garessta the Octopode Transmuter began the quest for the
                  | Orb.
     0 | D:1      | Reached XP level 1. HP: 13/13 MP: 3/3
    76 | D:1      | Reached XP level 2. HP: 11/18 MP: 5/5
   244 | D:1      | Reached skill level 3 in Transmutations
   536 | D:1      | Reached XP level 3. HP: 22/23 MP: 6/6
   540 | D:1      | Learned a level 2 spell: Sticks to Snakes
   544 | D:1      | Learned a level 3 spell: Spider Form
   810 | D:2      | You fall into a shaft and drop 1 floor!
   864 | D:3      | Found a bloodstained altar of Trog.
   866 | D:3      | Found an ancient bone altar of Kikubaaqudgha.
   869 | D:3      | Found a glowing golden altar of the Shining One.
  1222 | D:3      | Reached skill level 4 in Transmutations
  1632 | D:2      | Reached XP level 4. HP: 21/28 MP: 2/7
  1906 | D:2      | Noticed Natasha
  1915 | D:2      | Killed Natasha
  2238 | D:2      | Noticed Natasha
  2243 | D:2      | Killed Natasha
  2243 | D:2      | Reached skill level 5 in Transmutations
  2243 | D:2      | Reached XP level 5. HP: 33/33 MP: 3/8
  2641 | D:2      | Noticed Natasha
  2654 | D:2      | Killed Natasha
  2903 | D:2      | Found a burning altar of Makhleb.
  3071 | D:2      | Found a hide-covered altar of Uskayaw.
  3079 | D:2      | Reached skill level 6 in Transmutations
  3433 | D:3      | Reached XP level 6. HP: 22/38 MP: 5/9
  3988 | D:3      | Found a basalt altar of Yredelemnul.
  4785 | D:4      | Reached skill level 7 in Transmutations
  5051 | D:4      | Reached XP level 7. HP: 20/43 MP: 8/10
  5679 | D:4      | Reached skill level 8 in Transmutations
  6035 | D:4      | Found a staircase to the Ecumenical Temple.
  6046 | Temple   | Entered the Ecumenical Temple
  6934 | D:5      | Entered Level 5 of the Dungeon
  7033 | D:5      | Noticed a two-headed ogre
  7137 | D:5      | Reached skill level 9 in Transmutations
  7137 | D:5      | Reached XP level 8. HP: 17/48 MP: 8/11
  7923 | D:5      | Noticed Sigmund
  8492 | D:5      | Found an ornate altar of the Wu Jian Council.
  8537 | D:5      | Killed a two-headed ogre
  8537 | D:5      | Reached skill level 10 in Transmutations
  8837 | D:5      | Killed Sigmund
  8837 | D:5      | Reached skill level 11 in Transmutations
  8837 | D:5      | Reached XP level 9. HP: 53/53 MP: 2/12
  8895 | D:5      | Learned a level 5 spell: Blade Hands
  8971 | D:6      | Found an iron altar of Okawaru.
 10433 | D:6      | Found a snail-covered altar of Cheibriados.
 10438 | D:6      | Became a worshipper of Cheibriados the Contemplative
 10622 | D:7      | Reached skill level 5 in Unarmed Combat
 10753 | D:7      | Reached * piety under Cheibriados
 11680 | D:7      | Reached skill level 1 in Invocations
 12153 | D:8      | Reached ** piety under Cheibriados
 12261 | D:8      | Found a sand-covered staircase.
 12280 | Ossuary  | Entered an ossuary
 12308 | Ossuary  | Reached skill level 1 in Stealth
 12846 | D:8      | Reached XP level 10. HP: 59/60 MP: 8/14
 12884 | D:8      | Found a white marble altar of Elyvilon.
 13094 | D:8      | Learned a level 4 spell: Ice Form
 13315 | D:8      | Paralysed by a hornet for 2 turns
 13319 | D:8      | Paralysed by a hornet for 3 turns
 13322 | D:8      | HP: 3/73 [poisoned by a hornet]
 13322 | D:8      | Mangled by a hornet

Illustrated notes

Levels and vault maps discovered:
D:1:      dpeg_arrival_round_c, layout_rooms, chequers_serial_rivers_micro_d
D:2:      layout_loops_ring, old_standard_altar, lemuel_coloured_pillars_altar,
          minmay_vboxes, uniq_natasha
D:3:      layout_basic, yredelemnul_altar_generic, grunt_temple_overflow_diamond
D:4:      layout_rooms, minmay_temple_entry_butterflies, first_ration
D:5:      layout_gridville, marbit_many_paths, uniq_sigmund
D:6:      layout_layer_cave, okawaru_metal_pillars_1_2, kennysheep_little_box,
          due_unseen_surprise
D:7:      layout_loops_cross, enter_bailey_3
D:8:      layout_basic, elyvilon_altar_5, lightli_ossuary_entry_decrepit_ruins,
          grunt_dithmenos_smoke
Temple:   minmay_temple_curvy_loop

Skill      XL: |  1  2  3  4  5  6  7  8  9 10 |
---------------+-------------------------------+-----
Transmutations | 3 4 5 6 7 9 11 | 11.7
Unarmed Combat | 6 |  6.6
Invocations    | 2 |  2.3
Fighting       | 2 |  2.4
Stealth        | 1 2 |  2.0
Dodging        | 3 |  3.0
Spellcasting   | 3 |  3.0

Action                   |  1- 3 |  4- 6 |  7- 9 | 10-12 || total
-------------------------+-------+-------+-------+-------++-------
Melee: Unarmed           |    93 |   169 |   344 |    24 ||   630
       Constrict         |    22 |    12 |    30 |       ||    64
       Kick              |    12 |     8 |       |       ||    20
       Tentacles         |     3 |     6 |    25 |     2 ||    36
       Staff             |     5 |     2 |       |       ||     7
       Punch             |     1 |       |     5 |       ||     6
Throw: Boomerang         |       |     1 |       |       ||     1
 Cast: Beastly Appendage |    14 |    15 |     3 |       ||    32
       Spider Form       |     6 |    20 |    29 |       ||    55
       Sticks to Snakes  |     1 |     1 |    11 |       ||    13
       Blade Hands       |       |       |    31 |     1 ||    32
       Ice Form          |       |       |       |     2 ||     2
  Use: Scroll            |     5 |     4 |    13 |       ||    22
       Potion            |     1 |     2 |     2 |       ||     5
 Stab: Sleeping          |     2 |     3 |     3 |     1 ||     9
  Eat: Chunk             |     3 |    11 |    23 |     3 ||    40
       Ration            |       |     1 |     4 |       ||     5
Armor: Skin              |    16 |    14 |    22 |     2 ||    54
Dodge: Dodged            |    67 |   114 |   266 |    14 ||   461
